 Dungeon Crawl Stone Soup version 0.27.0-1-g7a089689b8 (webtiles) character file.

Game seed: 17363084279714467093

0 ZARRMARR the Caller (level 1, -3/10 HPs)
             Began as a Kobold Summoner on Aug 14, 2021.
             Slain by a quokka (5 damage)
             ... on level 1 of the Dungeon.
             The game lasted 00:00:43 (72 turns).

ZARRMARR the Caller (Kobold Summoner)                 Turns: 72, Time: 00:00:44

Health: -3/10      AC:  2    Str:  5    XL:     1   Next: 11%
Magic:  3/3        EV: 15    Int: 16    God:
Gold:   8          SH:  0    Dex: 15    Spells: 3/4 levels left

rFire    . . .     SeeInvis .   (weapon restricted)
rCold    . . .     Faith    .   (shield restricted)
rNeg     . . .     Spirit   .   a - +0 robe
rPois    .         Reflect  .   (no helmet)
rElec    .         Harm     .   (no cloak)
rCorr    .         Rampage  .   (no gloves)
Will     .....                  (no boots)
Stlth    +++.......             (no amulet)
HPRegen  0.03/turn              (no ring)
MPRegen  0.08/turn              (no ring)

@: no status effects
A: small, no large weapons, nightstalker 3
a: no special abilities


You were on level 1 of the Dungeon.
You visited 1 branch of the dungeon, and saw 1 of its levels.

You collected 8 gold pieces.

Inventory:

Armour
 a - a +0 robe (worn)
Potions
 b - a potion of attraction {unknown}


   Skills:
 + Level 2.4 Dodging
 + Level 2.6 Stealth
 + Level 2.1 Spellcasting
 + Level 4.0 Summonings


You had 3 spell levels left.
You knew the following spells:

 Your Spells              Type           Power      Damage    Failure   Level
a - Summon Small Mammal   Summ           56%        N/A       3%          1

Your spell library contained the following spells:

 Spells                   Type           Power      Damage    Failure   Level
 Call Imp                 Summ           14%        N/A       6%          2
 Call Canine Familiar     Summ           14%        N/A       12%         3
 Summon Guardian Golem    Hex/Summ       8%         N/A       26%         3
 Summon Lightning Spire   Summ/Air       8%         N/A       65%         4


Dungeon Overview and Level Annotations

Branches:
Dungeon (1/15)

Altars:


Innate Abilities, Weirdness & Mutations

You are small and have problems with some larger weapons.
You are completely attuned to the shadows.


Message History

The quokka bites you.
* * * LOW HITPOINT WARNING * * *
Your rat closely misses the quokka.
You miss the quokka.
The quokka is lightly wounded.
The quokka misses you.
Your rat closely misses the quokka.
You closely miss the quokka.
The quokka is lightly wounded.
The quokka completely misses you.
Your rat misses the quokka. You closely miss the quokka.
The quokka is lightly wounded.
The quokka misses you.
Your rat closely misses the quokka.
You miss the quokka.
The quokka is lightly wounded.
The quokka closely misses you.
The quokka bites you but does no damage.
Your rat closely misses the quokka.
You closely miss the quokka.
The quokka is lightly wounded.
The quokka closely misses you.
Your rat barely misses the quokka.
You closely miss the quokka.
The quokka is lightly wounded.
The quokka closely misses you.
Your rat closely misses the quokka.
You miss the quokka.
The quokka is lightly wounded.
The quokka closely misses you.
Your rat barely misses the quokka.
You hit the quokka.
The quokka is heavily wounded.
The quokka bites you.
* * * LOW HITPOINT WARNING * * *
Your rat barely misses the quokka.
You miss the quokka.
The quokka is heavily wounded.
The quokka misses you. The quokka barely misses you.
Your rat closely misses the quokka.
You closely miss the quokka.
The quokka is heavily wounded.
The quokka bites you.
Ouch! That really hurt!
You die...

.####....
.........
.......##.
...r......
#r.@.....
##.#.....
...#.####
#####.#########
.............#
.###'###.....#
#8...8#.....#
##.#.##..#..#
#8.#.8#.###.#


You could see a quokka (ally target) and a friendly rat (summoned).

Vanquished Creatures
  An endoplasm (D:1)
1 creature vanquished.

Notes
Turn   | Place    | Note
-------+----------+-------------------------------------------
     0 | D:1      | ZARRMARR the Kobold Summoner began the quest for the Orb.
     0 | D:1      | Reached XP level 1. HP: 10/10 MP: 3/3
    72 | D:1      | Slain by a quokka

Illustrated notes

Levels and vault maps discovered:
D:1:      heliophobic_arrival_ceremonial_halls, layout_basic,
          shapermc_ecumenical_altar_hornbeckon, serial_shops, shop_fountains,
          serial_park_tiny_2, chequers_serial_rivers_micro_e,
          hangedman_decor_growths

Action                   || total
-------------------------++-------
Melee: Unarmed           ||    14
 Cast: Summon Small Mamm ||     2
Armor: Robe              ||     1
Dodge: Dodged            ||    10
